Map: El Dorado

Players

iPlayDefense - Winner!

  • Race: Terran Terran
  • Spawn Location: 5:00

InstinctMode

  • Race: Terran Terran
  • League: Bronze
  • Spawn Location: 7:00

VOD

Have the link to the VOD?

Description

Time

  • Played on: April 12, 2025, 12:51 p.m.
  • Length: 12:38
Show
View Real Time Build Order
Export as new Build Order

iPlayDefense Terran - Winner!

Build Orders:  

Get SALT Encoding   

  12  0:00  SCV  
  13  0:12  SCV  
  14  0:25  SCV  
  15  0:30  Supply Depot  
  15  0:33  Refinery  
  15  0:52  SCV  
  15  0:56  Barracks  
  17  1:04  SCV  
  17  1:16  SCV  
  18  1:28  SCV  
  19  1:40  SCV  
  19  1:43  Reaper  
  21  2:01  Command Center  
  21  2:03  Orbital Command  
  21  2:12  Factory  
  21  2:18  Barracks Reactor  
  21  2:28  SCV  
  21  2:59  Factory Tech Lab  
  21  3:07  Starport  
  21  3:09  SCV  
  22  3:21  SCV, Barracks  
  22  3:24  Barracks  
  22  3:25  Marine  
  22  3:26  Marine  
  25  3:30  SCV  
  25  3:34  SCV  
  27  3:40  Supply Depot  
  27  3:42  SCV  
  27  3:43  Marine  
  27  3:44  Marine  
  27  3:46  SCV, Starport Reactor  
  31  3:53  Engineering Bay  
  31  3:54  SCV  
  31  3:55  Refinery  
  32  3:58  SCV  
  32  4:01  Marine  
  32  4:02  Marine  
  35  4:06  SCV  
  36  4:19  Marine x2, Factory Tech Lab  
  38  4:26  Supply Depot, SCV  
  38  4:27  Supply Depot  
  38  4:29  Supply Depot  
  40  4:31  SCV  
  40  4:38  SCV  
  40  4:43  SCV  
  42  4:45  Terran Infantry Weapons Level 1  
  42  4:47  Combat Shield  
  42  4:51  SCV  
  43  4:55  SCV  
  43  4:58  Starport Reactor  
  43  4:59  Supply Depot  
  44  5:03  SCV  
  45  5:07  SCV  
  45  5:13  Supply Depot  
  46  5:14  Supply Depot  
  46  5:15  SCV  
  46  5:17  Supply Depot  
  46  5:19  Siege Tank, SCV  
  51  5:27  SCV  
  52  5:39  SCV  
  52  5:42  Liberator  
  56  5:52  Missile Turret  
  56  5:56  Marine x5  
  61  6:05  SCV, Refinery  
  62  6:12  Siege Tank  
  62  6:13  Marine  
  62  6:14  Marine x4  
  62  6:15  Missile Turret  
  62  6:17  SCV, Stimpack  
  71  6:26  Missile Turret  
  71  6:29  SCV  
  71  6:31  Marine  
  71  6:32  Marine x4  
  77  6:41  Medivac  
  79  6:48  Armory  
  79  6:51  Marine x5  
  84  7:04  Orbital Command  
  84  7:08  Marine  
  84  7:09  Marine x4  
  89  7:21  Medivac x2  
  89  7:22  Siege Tank  
  96  7:26  Marine  
  96  7:27  Marine x4  
  98  7:47  Missile Turret  
  97  7:57  SCV  
  97  8:02  Missile Turret  
  97  8:04  Terran Infantry Weapons Level 2  
  97  8:06  Marine  
  97  8:07  Marine x4  
  102  8:21  Missile Turret  
  102  8:38  Supply Depot  
  102  8:39  Missile Turret  
  102  8:41  Missile Turret  
  102  8:46  Command Center  
  102  8:59  Marine x5  
  102  9:01  Supply Depot  
  102  9:02  Missile Turret, Command Center  
  107  9:08  Terran Vehicle Weapons Level 1  
  107  9:11  Medivac  
  109  9:17  Marine  
  109  9:22  Marine x4, Missile Turret, Medivac  
  109  9:24  SCV x2  
  118  9:35  Supply Depot  
  118  9:54  Missile Turret  
  118  9:56  SCV x2, Marine x3, Medivac  
  118  9:57  Supply Depot  
  125  10:08  SCV  
  125  10:13  SCV, Siege Tank  
  125  10:14  Missile Turret  
  130  10:20  SCV, Terran Infantry Armor Level 1  
  130  10:26  SCV  
  129  10:32  SCV  
  130  10:36  Medivac x2  
  130  10:38  SCV  
  130  10:39  Marine x5  
  140  10:46  Siege Tank  
  140  10:47  SCV  
  144  10:53  Refinery  
  144  10:56  Marine  
  144  10:57  Marine x4  
  149  11:42  Missile Turret  
  149  11:55  SCV, Marine x4  
  149  11:56  Marine  
  149  11:57  Siege Tank, Medivac  
  149  12:01  Missile Turret  
  138  12:07  SCV  
  126  12:13  Marine x4  
  115  12:19  SCV  
  115  12:21  Missile Turret  
Show
View Real Time Build Order
Export as new Build Order

InstinctMode Terran 

Build Orders:  

Get SALT Encoding   

  12  0:00  SCV  
  13  0:12  SCV  
  14  0:28  Supply Depot  
  14  0:39  Supply Depot  
  14  0:40  SCV  
  15  0:51  Supply Depot  
  15  0:52  SCV  
  15  0:55  Refinery  
  16  1:10  Barracks  
  16  1:15  Refinery  
  16  1:16  SCV  
  17  1:28  SCV  
  18  1:40  SCV  
  19  1:52  SCV  
  20  2:00  Marine  
  20  2:01  Factory  
  21  2:06  SCV  
  22  2:18  SCV, Marine  
  24  2:31  Barracks  
  24  2:35  Marine  
  25  2:44  Factory Tech Lab  
  25  2:53  Marine  
  26  3:06  Siege Tank  
  26  3:11  Marine  
  30  3:29  Starport, Marine, Barracks Reactor  
  31  3:48  Siege Tank  
  31  3:51  Orbital Command  
  34  4:00  Supply Depot x2  
  34  4:01  Supply Depot  
  34  4:09  Fusion Core  
  34  4:14  Starport Tech Lab  
  34  4:17  Marine  
  34  4:18  Marine  
  36  4:28  Barracks Reactor  
  36  4:35  Marine  
  36  4:36  Marine  
  38  5:02  Siege Tank  
  41  5:12  Battlecruiser  
  47  5:34  Command Center  
  47  5:56  Siege Tank  
  50  6:08  Engineering Bay  
  50  6:12  Marine x2  
  50  6:13  Marine  
  50  6:14  Marine  
  54  6:30  Marine x2  
  54  6:31  Marine x2  
  58  6:47  Marine  
  58  6:48  Marine  
  58  6:53  Battlecruiser  
  66  7:00  SCV  
  62  7:08  Missile Turret  
  62  7:12  SCV  
  53  7:25  SCV  
  51  7:37  SCV  
  51  7:49  SCV  
  52  8:08  Battlecruiser  
  58  8:13  SCV  
  59  8:25  SCV  
  60  8:37  SCV, Missile Turret  
  61  8:44  Missile Turret  
  61  8:48  SCV  
  61  8:49  SCV  
  63  9:00  SCV  
  64  9:15  SCV  
  65  9:23  Missile Turret  
  65  9:27  SCV  
  66  9:31  Refinery  
  66  9:33  SCV  
  66  9:34  Refinery  
  67  9:39  SCV  
  67  9:45  SCV  
  69  9:51  SCV, Missile Turret  
  70  10:02  Missile Turret  
  70  10:03  SCV  
  71  10:15  SCV  
  72  10:27  SCV  
  67  10:29  Battlecruiser  
  67  10:35  Marine x2  
  75  10:36  Marine  
  75  10:37  Marine  
  77  10:52  Marine  
  78  11:17  Supply Depot, Marine  
  78  11:19  Supply Depot  
  78  11:21  Supply Depot  
  78  11:28  Orbital Command  
  78  11:38  Marine x4  
  82  11:56  Marine x2  
Tags
 
League
Bronze
Matchup
TvT
Race
Terran
Replay Pack
DaveSC2
Spawn Locations
Close Positions
Add a new tag
Caveats
  • Supply blocks, unpowered buildings, or Contaminate may cause inaccurate times.
  • Supply counts are checked every 10 seconds.